 Dungeon Crawl Stone Soup version 0.31.0-11-ge490571c62 (webtiles) character file.

Game seed: 17511264781223582282

504 qw the Skirmisher (level 6, -3/35 HPs)
             Began as a Deep Elf Hunter on Feb 3, 2024.
             Slain by a gnoll sergeant
             ... wielding a +1 antimagic spear
              (6 damage)
             ... on level 4 of the Dungeon.
             The game lasted 00:00:14 (2840 turns).

qw the Skirmisher (Deep Elf Hunter)                 Turns: 2840, Time: 00:00:14

Health: -3/35      AC:  9    Str: 10    XL:     6   Next: 96%
Magic:  0/8        EV: 11    Int: 16    God:
Gold:   195        SH:  0    Dex: 18    Spells: 5/5 levels left

rFire   . . .        g - +0 orcbow
rCold   . . .        (shield currently unavailable)
rNeg    + . .        c - +0 ring mail "Penaarch" {rN+ Int+2}
rPois   .            k - +0 helmet
rElec   .            (no cloak)
rCorr   .            e - +1 pair of gloves
SInv    .            i - +0 pair of boots
Will    .....        (no amulet)
Stlth   +            a - +5 ring of evasion
HPRegen 0.25/turn    (no ring)
MPRegen 0.11/turn

%: no passive effects
@: held
A: no striking features
a: no special abilities


You were on level 4 of the Dungeon.
You visited 1 branch of the dungeon, and saw 4 of its levels.

You collected 195 gold pieces.


   Skills:
 - Level 2.0 Fighting
 + Level 10.1 Ranged Weapons
 - Level 1.4 Armour
 - Level 3.3 Dodging
 - Level 1.2 Stealth


You had 5 spell levels left.
You didn't know any spells.
Your spell library was empty.

Inventory:

Hand Weapons
 g - a +0 orcbow (weapon)
Armour
 c - the +0 ring mail "Penaarch" (worn) {rN+ Int+2}
   (You found it on level 2 of the Dungeon)

   Int+2:     It affects your intelligence (+2).
   rN+:       It protects you from negative energy.
 e - a +1 pair of gloves (worn)
 i - a +0 pair of boots (worn)
 k - a +0 helmet (worn)
Jewellery
 a - a +5 ring of evasion (left hand)
Potions
 b - a potion of lignification {unknown}
 d - a potion of curing {unknown}
 f - a potion of cancellation
 h - a potion of might {unknown}

Dungeon Overview and Level Annotations

Branches:
Dungeon (4/15)
 Temple: D:4-7

Altars:
Cheibriados


Message History

The gnoll shouts!
The jelly quivers.
The arrow hits the gnoll sergeant but does no damage.
The gnoll sergeant is moderately wounded.
You shoot an arrow. The arrow hits the gnoll sergeant.
The gnoll sergeant is moderately wounded.
You hear a shout!
The gnoll sergeant hits you from afar with a +1 antimagic spear!
You feel your power leaking away.
You shoot an arrow.
The arrow barely misses the gnoll sergeant.
The arrow hits the plant!
The plant begins to die.
The plant is lightly damaged.
The gnoll sergeant hits you from afar with a +1 antimagic spear!
You feel your power leaking away.
You shoot an arrow.
The arrow closely misses the gnoll sergeant.
The arrow hits the plant!
The plant is lightly damaged.
A gnoll comes into view. It is wielding a +0 flail.
The gnoll sergeant hits you from afar with a +1 antimagic spear.
Enter note: You shoot an arrow.
The arrow hits the gnoll sergeant.
The gnoll sergeant is heavily wounded.
An endoplasm comes into view.
The jelly hits the plant.
The plant is splashed with acid!
The acid corrodes the plant!
The gnoll sergeant hits you from afar with a +1 antimagic spear.
You shoot an arrow.
The arrow barely misses the gnoll sergeant.
The arrow closely misses the gnoll.
The arrow hits the plant!
The plant is moderately damaged.
The jelly hits the plant.
The plant is splashed with acid.
The plant seems to be corroded for longer.
The gnoll sergeant barely misses you.
The gnoll throws a throwing net.
The throwing net hits you.
You become entangled in the net!
You struggle against the net.
A nearby plant withers and dies.
The gnoll sergeant hits you from afar with a +1 antimagic spear.
You die...

#.#......
#.#.#####
######.(.#
#...)....# .
#.######.#
... #.#
#.##### ....#
#.# #......
P....g#####.#
#.#####
.PP.gg.@....#
#.#
....J########
#.#


PJ. #.# . #.# #.# #.# ##.## #...#### #....... You could see a gnoll sergeant, a
jelly, 2 gnolls and an endoplasm.

Vanquished Creatures
  A black bear (D:4)
  A phantom (D:4)
  A jelly (D:4)
  2 orc priests (D:3)
  Jessica (D:2)
  An iguana (D:2)
  A sleepcap (D:4)
  An orc wizard (D:3)
  Robin (D:3)
  A gnoll (D:2)
  4 adders
  8 orcs (D:3)
  3 bats
  8 endoplasms
  4 giant cockroaches
  16 goblins
  12 hobgoblins
  7 jackals
  2 quokkas
  5 ball pythons
  3 frilled lizards
  A kobold (D:2)
  8 rats
92 creatures vanquished.

Notes
Turn   | Place    | Note
-------+----------+-------------------------------------------
     0 | D:1      | qw the Deep Elf Hunter began the quest for the Orb.
     0 | D:1      | Reached XP level 1. HP: 12/12 MP: 3/3
     0 | D:1      | 0 ||| qw: Version: 0.3-a-155-g5e7d8dd
     0 | D:1      | 0 ||| qw: Game counter: 3415
     0 | D:1      | 0 ||| qw: Melee chars always use a shield: true
     0 | D:1      | 0 ||| qw: God list: Okawaru
     0 | D:1      | 0 ||| qw: Allow faded altars: false
     0 | D:1      | 0 ||| qw: Do Orc after clearing Dungeon:15 true
     0 | D:1      | 0 ||| qw: Do second Lair branch before Depths: true
     0 | D:1      | 0 ||| qw: Lair rune preference: random
     0 | D:1      | 0 ||| qw: Goals: Normal
     0 | D:1      | 0 ||| PLANNING D:1-11
   121 | D:1      | Reached skill level 6 in Ranged Weapons
   121 | D:1      | Reached XP level 2. HP: 16/16 MP: 4/4
   132 | D:1      | Found a faded altar of an unknown god.
   531 | D:1      | 531 ||| UPGRADING to +0 ring mail.
   541 | D:1      | 541 ||| DROPPING +0 leather armour.
   542 | D:1      | 542 ||| UPGRADING to +0 pair of gloves.
   547 | D:1      | 547 ||| UPGRADING to +0 pair of boots.
   552 | D:1      | 552 ||| UPGRADING to +0 helmet.
   557 | D:1      | 557 ||| READING scroll labelled OGUMYN UGRO.
   557 | D:1      | 557 ||| IDENTIFYING dark potion
   558 | D:1      | 558 ||| READING scroll labelled LAROTT YNOLU.
   558 | D:1      | 558 ||| BRANDING +0 shortbow.
   559 | D:1      | 559 ||| DROPPING scroll of butterflies.
   586 | D:2      | Reached XP level 3. HP: 8/20 MP: 5/5
   696 | D:2      | Reached skill level 7 in Ranged Weapons
   725 | D:2      | Reached XP level 4. HP: 25/25 MP: 6/6
   828 | D:2      | Identified the +0 ring mail "Penaarch" {rN+ Int+2}
  1039 | D:2      | 1039 ||| SWAPPING to +0 orcbow.
  1042 | D:2      | 1042 ||| DROPPING +0 shortbow of flaming.
  1108 | D:2      | Noticed Jessica
  1111 | D:2      | Killed Jessica
  1112 | D:2      | Reached skill level 8 in Ranged Weapons
  1281 | D:2      | 1281 ||| UPGRADING to +0 ring mail "Penaarch" {rN+ Int+2}.
  1291 | D:2      | 1291 ||| DROPPING +0 ring mail.
  1292 | D:2      | 1292 ||| READING scroll of identify.
  1292 | D:2      | 1292 ||| IDENTIFYING 2 bubbling yellow potions
  1293 | D:2      | 1293 ||| READING scroll labelled BICLAO QIZO.
  1294 | D:2      | 1294 ||| DROPPING 2 potions of berserk rage.
  1415 | D:3      | Identified the +4 mace of Elelyfe {drain, rF+ Will+ Dex+5}
  1419 | D:3      | 1419 ||| RETREEEEATING.
  1421 | D:3      | 1421 ||| RETREEEEATING.
  1423 | D:3      | 1423 ||| RETREEEEATING.
  1425 | D:3      | 1425 ||| RETREEEEATING.
  1429 | D:3      | Reached skill level 1 in Armour
  1429 | D:3      | Reached XP level 5. HP: 27/29 MP: 7/7
  1435 | D:3      | 1435 ||| FLEEEEING.
  1436 | D:3      | 1436 ||| FLEEEEING.
  1437 | D:3      | 1437 ||| FLEEEEING.
  1438 | D:3      | 1438 ||| FLEEEEING.
  1439 | D:3      | 1439 ||| FLEEEEING.
  1440 | D:3      | 1440 ||| FLEEEEING.
  1441 | D:3      | 1441 ||| FLEEEEING.
  1442 | D:3      | 1442 ||| FLEEEEING.
  1443 | D:3      | 1443 ||| FLEEEEING.
  1446 | D:3      | 1446 ||| FLEEEEING.
  1447 | D:3      | 1447 ||| FLEEEEING.
  1448 | D:3      | 1448 ||| FLEEEEING.
  1449 | D:3      | 1449 ||| FLEEEEING.
  1452 | D:3      | 1452 ||| FLEEEEING.
  1453 | D:3      | 1453 ||| FLEEEEING.
  1454 | D:3      | 1454 ||| FLEEEEING.
  1455 | D:3      | 1455 ||| FLEEEEING.
  1456 | D:3      | 1456 ||| FLEEEEING.
  1457 | D:3      | 1457 ||| FLEEEEING.
  1458 | D:3      | 1458 ||| FLEEEEING.
  1459 | D:3      | 1459 ||| FLEEEEING.
  1460 | D:3      | 1460 ||| FLEEEEING.
  1461 | D:3      | 1461 ||| FLEEEEING.
  1462 | D:3      | 1462 ||| FLEEEEING.
  1463 | D:3      | 1463 ||| FLEEEEING.
  1464 | D:3      | 1464 ||| FLEEEEING.
  1465 | D:3      | 1465 ||| FLEEEEING.
  1466 | D:3      | 1466 ||| FLEEEEING.
  1467 | D:3      | 1467 ||| FLEEEEING.
  1468 | D:3      | 1468 ||| FLEEEEING.
  1683 | D:3      | Noticed Robin
  1691 | D:3      | Killed Robin
  2106 | D:3      | Reached skill level 9 in Ranged Weapons
  2111 | D:3      | Reached XP level 6. HP: 21/35 MP: 8/8
  2112 | D:3      | 2112 ||| FLEEEEING.
  2113 | D:3      | 2113 ||| FLEEEEING.
  2114 | D:3      | 2114 ||| FLEEEEING.
  2115 | D:3      | 2115 ||| FLEEEEING.
  2116 | D:3      | 2116 ||| FLEEEEING.
  2117 | D:3      | 2117 ||| FLEEEEING.
  2118 | D:3      | 2118 ||| FLEEEEING.
  2119 | D:3      | 2119 ||| FLEEEEING.
  2120 | D:3      | 2120 ||| FLEEEEING.
  2121 | D:3      | 2121 ||| FLEEEEING.
  2122 | D:3      | 2122 ||| FLEEEEING.
  2123 | D:3      | 2123 ||| FLEEEEING.
  2124 | D:3      | 2124 ||| FLEEEEING.
  2125 | D:3      | 2125 ||| FLEEEEING.
  2126 | D:3      | 2126 ||| FLEEEEING.
  2127 | D:3      | 2127 ||| FLEEEEING.
  2128 | D:3      | 2128 ||| FLEEEEING.
  2189 | D:3      | Found a snail-covered altar of Cheibriados.
  2375 | D:3      | 2375 ||| UPGRADING to +5 ring of evasion.
  2376 | D:3      | 2376 ||| READING scroll labelled DYNUTUK SUIFA.
  2381 | D:3      | 2381 ||| READING scroll labelled UXACUMO YRORPHO.
  2381 | D:3      | 2381 ||| ENCHANTING +0 pair of gloves.
  2382 | D:3      | 2382 ||| READING scroll labelled VUEXADUSSE.
  2547 | D:4      | Reached skill level 10 in Ranged Weapons
  2547 | D:4      | 2547 ||| FLEEEEING.
  2548 | D:4      | 2548 ||| FLEEEEING.
  2549 | D:4      | 2549 ||| FLEEEEING.
  2685 | D:4      | Reached skill level 3 in Dodging
  2837 | D:4      | HP: 8/35 [gnoll sergeant/+1 antimagic spear (6)]
  2838 | D:4      | HP: 3/35 [gnoll sergeant/+1 antimagic spear (6)]
  2840 | D:4      | Slain by a gnoll sergeant

Levels and vault maps discovered:
D:1:      dpeg_arrival_refuge, layout_rooms, dreamdust_ecumenical_altar_statues
D:2:      layout_loops_cross, cheibrodos_gnoll_hut, uniq_jessica
D:3:      layout_loops_corners, cheibriados_altar_1, nrook_mini_vaults,
          serial_bayou_ford_a, uniq_robin
D:4:      layout_loops_ring, chequers_serial_rivers_micro_c, st_stairs_6,
          nicolae_grassy_gnolls

Skill      XL: |  1  2  3  4  5  6 |
---------------+-------------------+-----
Ranged Weapons | 6 7 8 9 10 | 10.1
Armour         | 1 |  1.4
Fighting       | 2 |  2.0
Dodging        | 3 |  3.3
Stealth        | |  1.2

Action                     |  1- 3 |  4- 6 || total
---------------------------+-------+-------++-------
   Fire: Shortbow          |   100 |    27 ||   127
         Orcbow            |       |   178 ||   178
    Use: Scroll            |     2 |     5 ||     7
 Armour: Leather armour    |    17 |       ||    17
         Ring mail         |    20 |    63 ||    83
  Dodge: Dodged            |    35 |    54 ||    89

Table legend:
 A = Non-vault XP
 B = Vault XP
 C = Vault XP percentage of total XP
 D = Non-vault monster count
 E = Vault monster count
 F = Vault count percentage of total count
                 A         B        C        D         E       F
            +---------+---------+-------+---------+---------+-------
      Total |     632 |      89 |  12.3 |      77 |      15 |  16.3
            +---------+---------+-------+---------+---------+-------
        D:1 |      40 |       0 |   0.0 |      23 |       0 |   0.0
        D:2 |      88 |      56 |  38.9 |      20 |       4 |  16.7
        D:3 |     169 |      33 |  16.3 |      21 |      11 |  34.4
        D:4 |     335 |       0 |   0.0 |      13 |       0 |   0.0
            +---------+---------+-------+---------+---------+-------
